SAAA
JERSEY CITY SUN CAPS @ TREMONT DOUBLEDAYS
09/05/2022
 
TOP OF THE 1ST
Jersey City Sun Caps batting - Pitching for Tremont Doubledays : RHP Jim Unknown
Pitching: RHP Jim Unknown
Batting: RHB Bryan Wilson 0-0: Swinging Strike
0-1: Foul Ball, location: 2F
0-2: Ball
1-2: Ball
2-2: Fly out, F7 (Flyball, 78M)
Batting: RHB Jonah Moody 0-0: Ball
1-0: Ball
2-0: Ball
3-0: Called Strike
3-1: Called Strike
3-2: Reached on error, E6 (Groundball, 6S)
Batting: LHB Marlon Randall 0-0: Called Strike
0-1: Ball
1-1: Ball
2-1: Ball
3-1: Ground out 4-3 (Groundball, 4M)
Jonah Moody to third
Batting: RHB Micheal Murdoch 0-0: Ball
1-0: Fly out, F7 (Flyball, 78S)
Top of the 1st over - 0 run(s), 0 hit(s), 1 error(s), 1 left on base; Jersey City 0 - Tremont 0
BOTTOM OF THE 1ST
Tremont Doubledays batting - Pitching for Jersey City Sun Caps : RHP Alf Näsbom
Pitching: RHP Alf Näsbom
Batting: RHB António Pérez 0-0: Ball
1-0: Ball
2-0: SOLO HOME RUN (Flyball, 7D), Distance : 391 ft
Batting: LHB Jim Unknown 0-0: Ball
1-0: SINGLE (Line Drive, 89S)
Batting: RHB Jim Unknown 0-0: Ball
1-0: Ball
2-0: SINGLE (Line Drive, 78M)
Jim Unknown to second
Batting: RHB Quincy van Enk 0-0: Grounds into double play, 1-6-3 (Groundball, 15)
Jim Unknown to third
Batting: RHB Jim Unknown 0-0: Foul Ball, location: 2F
0-1: SINGLE (Groundball, 6D)
Jim Unknown scores
Batting: LHB Jim Unknown 0-0: Fly out, F6 (Popup, 5DF)
Bottom of the 1st over - 2 run(s), 4 hit(s), 0 error(s), 1 left on base; Jersey City 0 - Tremont 2
TOP OF THE 2ND
Jersey City Sun Caps batting - Pitching for Tremont Doubledays : RHP Jim Unknown
Batting: RHB Tony Quintana 0-0: Ground out 5-3 (Groundball, 5S)
Batting: RHB Roy Williams 0-0: Swinging Strike
0-1: Ball
1-1: Foul Ball, location: 2F
1-2: Ball
2-2: Ball
3-2: Strikes out swinging
Batting: SHB Dominique Prost 0-0: Called Strike
0-1: Ball
1-1: DOUBLE (Line Drive, 9LM)
Batting: LHB Harlan Price 0-0: Called Strike
0-1: Fly out, F2 (Popup, 2LF)
Top of the 2nd over - 0 run(s), 1 hit(s), 0 error(s), 1 left on base; Jersey City 0 - Tremont 2
BOTTOM OF THE 2ND
Tremont Doubledays batting - Pitching for Jersey City Sun Caps : RHP Alf Näsbom
Batting: RHB Jim Unknown 0-0: Foul Ball, location: 2F
0-1: Fly out, F8 (Flyball, 8LM)
Batting: LHB Jim Unknown 0-0: Called Strike
0-1: SINGLE (Groundball, 56)
Batting: RHB Jim Unknown 0-0: Ball
1-0: Ball
2-0: Ball
3-0: Called Strike
3-1: Base on Balls
Jim Unknown to second
Batting: RHB António Pérez 0-0: Ball
1-0: Called Strike
1-1: Hit by Pitch
Jim Unknown to third
Jim Unknown to second
Batting: LHB Jim Unknown 0-0: Called Strike
0-1: Swinging Strike
0-2: Ball
1-2: Ball
2-2: Ball
3-2: Base on Balls
Jim Unknown scores
Jim Unknown to third
António Pérez to second
Batting: RHB Jim Unknown 0-0: Fly out, F9 (Flyball, 89M)
Runner from 3rd tags up, SCORES, throw made
Batting: RHB Quincy van Enk 0-0: Ball
1-0: Swinging Strike
1-1: Swinging Strike
1-2: Fly out, F9 (Popup, 4D)
Bottom of the 2nd over - 2 run(s), 1 hit(s), 0 error(s), 2 left on base; Jersey City 0 - Tremont 4
TOP OF THE 3RD
Jersey City Sun Caps batting - Pitching for Tremont Doubledays : RHP Jim Unknown
Batting: RHB Christian O'Dell 0-0: Ground out 5-3 (Groundball, 15S)
Batting: RHB Bryan Wilson 0-0: Ball
1-0: Swinging Strike
1-1: Ball
2-1: Foul Ball, location: 2F
2-2: Foul Ball, location: 2F
2-2: Ground out 4-3 (Groundball, 4MS)
Batting: RHB Jonah Moody 0-0: Called Strike
0-1: Fly out, F9 (Flyball, 89M)
Top of the 3rd over - 0 run(s), 0 hit(s), 0 error(s), 0 left on base; Jersey City 0 - Tremont 4
BOTTOM OF THE 3RD
Tremont Doubledays batting - Pitching for Jersey City Sun Caps : RHP Alf Näsbom
Batting: RHB Jim Unknown 0-0: Ball
1-0: Foul Ball, location: 2F
1-1: Foul Ball, location: 2F
1-2: Fly out, F6 (Line Drive, 6)
Batting: LHB Jim Unknown 0-0: Called Strike
0-1: Ball
1-1: Ground out 1-3 (Groundball, 13)
Batting: RHB Jim Unknown 0-0: Called Strike
0-1: Swinging Strike
0-2: Strikes out swinging
Bottom of the 3rd over - 0 run(s), 0 hit(s), 0 error(s), 0 left on base; Jersey City 0 - Tremont 4
TOP OF THE 4TH
Jersey City Sun Caps batting - Pitching for Tremont Doubledays : RHP Jim Unknown
Batting: LHB Marlon Randall 0-0: Ball
1-0: Ball
2-0: Ground out 3-1 (Groundball, 34)
Batting: RHB Micheal Murdoch 0-0: Called Strike
0-1: Ball
1-1: Ball
2-1: DOUBLE (Groundball, 5L)
Batting: RHB Tony Quintana 0-0: Ball
1-0: Called Strike
1-1: Ball
2-1: Ground out 6-3 (Groundball, 6)
Batting: RHB Roy Williams 0-0: Ground out 4-3 (Groundball, 4)
Top of the 4th over - 0 run(s), 1 hit(s), 0 error(s), 1 left on base; Jersey City 0 - Tremont 4
BOTTOM OF THE 4TH
Tremont Doubledays batting - Pitching for Jersey City Sun Caps : RHP Alf Näsbom
Batting: LHB Jim Unknown 0-0: Ball
1-0: Called Strike
1-1: Called Strike
1-2: Strikes out swinging
Batting: RHB Jim Unknown 0-0: Ball
1-0: Called Strike
1-1: Ball
2-1: Reached on error, E1 (Groundball, 13)
Batting: RHB António Pérez 0-0: Ball
1-0: Foul Ball, location: 2F
1-1: Ball
2-1: Called Strike
2-2: Ball
3-2: Base on Balls
Batting: LHB Jim Unknown 0-0: Called Strike
0-1: Ball
1-1: Ball
2-1: Ball
3-1: DOUBLE (Line Drive, 9LS)
Jim Unknown scores
António Pérez to third
Batting: RHB Jim Unknown 0-0: Called Strike
0-1: Ball
1-1: Fly out, F7 (Flyball, 7LS)
Batting: RHB Quincy van Enk 0-0: Called Strike
0-1: Ground out 1-3 (Groundball, 13)
Bottom of the 4th over - 1 run(s), 1 hit(s), 1 error(s), 2 left on base; Jersey City 0 - Tremont 5
TOP OF THE 5TH
Jersey City Sun Caps batting - Pitching for Tremont Doubledays : RHP Jim Unknown
Batting: SHB Dominique Prost 0-0: Reached on Error, E8 (Flyball, 8RM)
Batting: LHB Harlan Price 0-0: Called Strike
0-1: Ball
1-1: Ball
2-1: Ball
3-1: Foul Ball, location: 2F
3-2: Fly out, F4 (Popup, 4MD)
Batting: RHB Christian O'Dell 0-0: Called Strike
0-1: Ball
1-1: Ball
2-1: Foul Ball, location: 2F
2-2: Reached on error, E6 (Groundball, 6M)
Dominique Prost to second
Batting: RHB Bryan Wilson 0-0: Ball
1-0: Ball
2-0: Foul Ball, location: 2F
2-1: Foul Ball, location: 2F
2-2: Foul Ball, location: 2F
2-2: Fielders Choice at 2nd, 2-6 (Groundball, 2L)
Dominique Prost to third
Batting: RHB Jonah Moody 0-0: Called Strike
0-1: Ball
1-1: Ball
2-1: Ball
3-1: Foul Ball, location: 2F
3-2: Fly out, F8 (Flyball, 8RM)
Top of the 5th over - 0 run(s), 0 hit(s), 2 error(s), 2 left on base; Jersey City 0 - Tremont 5
BOTTOM OF THE 5TH
Tremont Doubledays batting - Pitching for Jersey City Sun Caps : RHP Alf Näsbom
Batting: RHB Jim Unknown 0-0: Ball
1-0: SINGLE (Flyball, 78M)
Batting: LHB Jim Unknown 0-0: Sac Bunt - play at first, batter OUT! 1-4
Jim Unknown to second
Batting: RHB Jim Unknown 0-0: Fly out, F6 (Line Drive, 6)
Batting: LHB Jim Unknown 0-0: Swinging Strike
0-1: DOUBLE (Flyball, 9LM)
Jim Unknown scores
Pitching: LHP Tommy Blevins
Batting: RHB Jim Unknown 0-0: Foul Ball, location: 2F
0-1: Called Strike
0-2: Strikes out swinging
Bottom of the 5th over - 1 run(s), 2 hit(s), 0 error(s), 1 left on base; Jersey City 0 - Tremont 6
TOP OF THE 6TH
Jersey City Sun Caps batting - Pitching for Tremont Doubledays : RHP Jim Unknown
Batting: LHB Marlon Randall 0-0: Foul Ball, location: 2F
0-1: Ball
1-1: Ball
2-1: Ball
3-1: SINGLE (Line Drive, 9S)
Batting: RHB Micheal Murdoch 0-0: Ball
1-0: Foul Ball, location: 2F
1-1: Swinging Strike
1-2: Ball
2-2: Foul Ball, location: 2F
2-2: Foul Ball, location: 2F
2-2: Grounds into double play, 5-4-3 (Groundball, 56)
Batting: RHB Tony Quintana 0-0: Called Strike
0-1: Ball
1-1: Ball
2-1: Foul Ball, location: 2F
2-2: Ball
3-2: Foul Ball, location: 2F
3-2: Ground out 5-3 (Groundball, 5S)
Top of the 6th over - 0 run(s), 1 hit(s), 0 error(s), 0 left on base; Jersey City 0 - Tremont 6
BOTTOM OF THE 6TH
Tremont Doubledays batting - Pitching for Jersey City Sun Caps : LHP Tommy Blevins
Batting: RHB António Pérez 0-0: Called Strike
0-1: Ball
1-1: Called Strike
1-2: Ball
2-2: Ball
3-2: Foul Ball, location: 2F
3-2: Fly out, F9 (Flyball, 9D)
Batting: LHB Jim Unknown 0-0: Called Strike
0-1: Ball
1-1: Ball
2-1: Ball
3-1: Base on Balls
Batting: RHB Jim Unknown 0-0: Called Strike
0-1: Ball
1-1: Grounds into double play, 4-6-3 (Groundball, 4)
Bottom of the 6th over - 0 run(s), 0 hit(s), 0 error(s), 0 left on base; Jersey City 0 - Tremont 6
TOP OF THE 7TH
Jersey City Sun Caps batting - Pitching for Tremont Doubledays : RHP Jim Unknown
Batting: RHB Roy Williams 0-0: Called Strike
0-1: Foul Ball, location: 2F
0-2: SINGLE (Line Drive, 5D)
Batting: SHB Dominique Prost 0-0: Ball
1-0: Ball
2-0: Foul Ball, location: 2F
2-1: Grounds into double play, 4-6-3 (Groundball, 4)
Batting: LHB Harlan Price 0-0: SINGLE (Line Drive, 89S)
Batting: RHB Christian O'Dell 0-0: Ball
1-0: Swinging Strike
1-1: Ball
2-1: Fielders Choice at 2nd, U4 (Groundball, 4M)
Top of the 7th over - 0 run(s), 2 hit(s), 0 error(s), 1 left on base; Jersey City 0 - Tremont 6
BOTTOM OF THE 7TH
Tremont Doubledays batting - Pitching for Jersey City Sun Caps : LHP Tommy Blevins
Batting: RHB Quincy van Enk 0-0: Swinging Strike
0-1: Ball
1-1: Ball
2-1: Called Strike
2-2: Ball
3-2: Base on Balls
Batting: RHB Jim Unknown 0-0: Called Strike
0-1: Ball
1-1: Foul Ball, location: 2F
1-2: Ground out U3 (Groundball, 3S)
Quincy van Enk to second
Batting: LHB Jim Unknown 0-0: Ball
1-0: Swinging Strike
1-1: Swinging Strike
1-2: Ball
2-2: Ground out 4-3 (Groundball, 4)
Quincy van Enk to third
Batting: RHB Jim Unknown 0-0: Ball
1-0: Foul Ball, location: 2F
1-1: Ball
Wild Pitch!
Quincy van Enk scores
2-1: Swinging Strike
2-2: Strikes out swinging
Bottom of the 7th over - 1 run(s), 0 hit(s), 0 error(s), 0 left on base; Jersey City 0 - Tremont 7
TOP OF THE 8TH
Jersey City Sun Caps batting - Pitching for Tremont Doubledays : RHP Jim Unknown
Batting: RHB Bryan Wilson 0-0: Ball
1-0: Ball
2-0: SINGLE (Line Drive, 7S)
Pitching: RHP Jim Unknown
Batting: RHB Jonah Moody 0-0: Called Strike
0-1: Foul Ball, location: 2F
0-2: Ball
1-2: Ball
2-2: Ball
3-2: Strikes out swinging
Batting: LHB Marlon Randall 0-0: Called Strike
0-1: Ball
1-1: Fly out, F9 (Line Drive, 9S)
Batting: RHB Micheal Murdoch 0-0: Ball
1-0: DOUBLE (Line Drive, 7LM)
Bryan Wilson to third
Batting: RHB Tony Quintana 0-0: Fly out, F8 (Flyball, 8RXD)
Top of the 8th over - 0 run(s), 2 hit(s), 0 error(s), 2 left on base; Jersey City 0 - Tremont 7
BOTTOM OF THE 8TH
Tremont Doubledays batting - Pitching for Jersey City Sun Caps : LHP Tommy Blevins
Batting: LHB Jim Unknown 0-0: Ball
1-0: Ball
2-0: Fly out, F5 (Popup, 5F)
Batting: RHB Jim Unknown 0-0: Foul Ball, location: 2F
0-1: Called Strike
0-2: Fly out, F8 (Flyball, 8RXD)
Batting: RHB António Pérez 0-0: Called Strike
0-1: Fly out, F7 (Flyball, 78XD)
Bottom of the 8th over - 0 run(s), 0 hit(s), 0 error(s), 0 left on base; Jersey City 0 - Tremont 7
TOP OF THE 9TH
Jersey City Sun Caps batting - Pitching for Tremont Doubledays : RHP Jim Unknown
Batting: RHB Roy Williams 0-0: Ball
1-0: Ball
2-0: Foul Ball, location: 2F
2-1: Ball
3-1: Foul Ball, location: 2F
3-2: Base on Balls
Batting: SHB Dominique Prost 0-0: Ball
1-0: Grounds into double play, 1-6-3 (Groundball, 15)
Batting: LHB Harlan Price 0-0: Called Strike
0-1: Ball
1-1: Ball
2-1: Fly out, F7 (Flyball, 78S)
Top of the 9th over - 0 run(s), 0 hit(s), 0 error(s), 0 left on base; Jersey City 0 - Tremont 7
This league is powered by Out of the Park Baseball, the baseball management simulation game for PC, Mac and Linux
Friday, April 15th, 2016 - OOTP Baseball 16.9 Build 39